 Dungeon Crawl Stone Soup version 0.20.0-10-g0535bb4 (webtiles) character file.

60 asdasd2 the Skirmisher (level 4, 29/29 HPs)
             Began as a Gargoyle Fighter on June 3, 2017.
             Quit the game on level 2 of the Dungeon.
             The game lasted 00:02:26 (1648 turns).

asdasd2 the Skirmisher (Gargoyle Fighter)           Turns: 1648, Time: 00:02:26

Health: 29/29      AC: 14    Str: 20    XL:     4   Next: 4%
Magic:  4/4        EV:  5    Int:  9    God:
Gold:   73         SH:  9    Dex:  9    Spells: 3/3 levels left

rFire    . . .     SeeInvis .   a - +0 flail
rCold    . . .     Gourm    .   c - +0 shield
rNeg     + . .     Faith    .   n - +0 chain mail
rPois    ∞         Spirit   .   o - +0 helmet
rElec    +         Reflect  .   (no cloak)
rCorr    .         Harm     .   (no gloves)
MR       .....                  (no boots)
Stlth    ..........             (no amulet)
Regen    0.1/turn               (no ring)
MPRegen  0.1/turn               (no ring)

@: no status effects
A: negative energy resistance 1, electricity resistance, unbreathing,
petrification resistance, rot immunity, AC +3
a: no special abilities


You were on level 2 of the Dungeon.
You were not hungry.

You visited 1 branch of the dungeon, and saw 2 of its levels.

You collected 73 gold pieces.

Inventory:

Hand Weapons
 a - a +0 flail (weapon)
Armour
 c - a +0 shield (worn)
 l - a +0 plate armour
 n - a +0 chain mail (worn)
 o - a +0 helmet (worn)
Wands
 j - a wand of flame (20/48)
Scrolls
 b - a scroll of recharging {unknown}
 p - a scroll of identify
 q - 2 scrolls of remove curse {unknown}
Potions
 d - a potion of might
 e - a potion of mutation {unknown}
 i - 2 potions of agility {unknown}
 k - 2 potions of curing {unknown}
 m - a potion of lignification
 r - a potion of berserk rage {unknown}
 s - a potion of magic {unknown}
 u - a potion of brilliance {unknown}
Comestibles
 f - 2 bread rations
 g - 2 royal jellies
 h - 2 meat rations


   Skills:
 * Level 4.1 Fighting
 + Level 2.8 Maces & Flails
 + Level 3.6 Armour
 + Level 0.1 Dodging
 + Level 0.2 Stealth
 - Level 3.5 Shields


You had 3 spell levels left.
You didn't know any spells.

Dungeon Overview and Level Annotations

Branches:
Dungeon (2/15)

Altars:


Innate Abilities, Weirdness & Mutations

You are resistant to torment.
Your stone body is resilient. (AC +3)
You are immune to poison.
You resist negative energy. (rN+)
You are resistant to electric shocks. (rElec)
You can survive without breathing.
You are immune to petrification.
You are immune to rotting.


Message History

You kill the kobold!
No target in view!
You see here 2 stones.
Eating a chunk of flesh.
You eat the chunk of flesh.
This raw flesh tastes terrible.
HP restored.
You see here a trident.
Done exploring.
Done exploring.
Done exploring.
Done exploring.
Done exploring.
Done exploring.
Quiver which item? (- for none, * to show all) (? for menu, Esc to quit)
Okay, then.
Unknown command.
Okay, then.
Unknown command.
Unknown command.
Are you sure you want to abandon this character and quit the game? (Confirm with "yes".)

#.# #.#######.# ##+##
#.# #.........# #.#
#.# #########.#
#####.##### #.# #.#
#.........# #.# #.#
#.##...##.# ..#
##.###.#.....#.#####
###
##.#.##.##...........
#.###..).....##.#####
##.#@##.###..##.#
##.###.#######.# ###
#.........#
###########


There were no monsters in sight!

Vanquished Creatures
  An adder (D:2)
  A worm (D:2)
  A dart slug (D:2)
  A leopard gecko (D:2)
  2 ball pythons (D:1)
  3 giant cockroaches
  8 goblins
  4 hobgoblins
  5 kobolds
  A quokka (D:2)
  8 bats
  4 frilled lizards
  3 rats (D:1)
42 creatures vanquished.

Notes
Turn   | Place    | Note
-------+----------+-------------------------------------------
     0 | D:1      | asdasd2 the Gargoyle Fighter began the quest for the Orb.
     0 | D:1      | Reached XP level 1. HP: 14/14 MP: 1/1
   157 | D:1      | Reached XP level 2. HP: 19/19 MP: 2/2
   824 | D:2      | Reached XP level 3. HP: 22/24 MP: 3/3
  1156 | D:2      | Reached skill level 4 in Fighting
  1557 | D:2      | Reached XP level 4. HP: 25/29 MP: 4/4
  1648 | D:2      | Quit the game

Skill      XL: |  1  2  3 |
---------------+----------+-----
Fighting       | 4 |  4.1
Maces & Flails | |  2.8
Armour         | |  3.6
Dodging        | |  0.1
Stealth        | |  0.2
Shields        | |  3.5

Action                   |  1- 3 |  4- 6 || total
-------------------------+-------+-------++-------
Melee: Flail             |   166 |     6 ||   172
  Use: Scroll            |     2 |       ||     2
  Eat: Chunk             |     2 |     1 ||     3
Armor: Scale mail        |    31 |       ||    31
       Chain mail        |    72 |     2 ||    74
Dodge: Dodged            |    43 |     2 ||    45
Block: Shield            |    90 |     3 ||    93
